 Dungeon Crawl Stone Soup version 0.20.1-1-g8b1a95d (console) character file.

3168 hilaritas the Quickloader (level 10, 0/99 HPs)
             Began as a Kobold Hunter on Feb 18, 2018.
             Was a Believer of Okawaru.
             Slain by a sky beast (5 damage)
             ... on level 7 of the Dungeon.
             The game lasted 00:29:07 (9898 turns).

hilaritas the Quickloader (Kobold Hunter)           Turns: 9898, Time: 00:29:08

Health: 0/99       AC: 25    Str: 12    XL:     10   Next: 16%
Magic:  12/12      EV:  3    Int: 12    God:    Okawaru [**....]
Gold:   244        SH:  0    Dex: 17    Spells: 9/9 levels left

rFire    . . .     SeeInvis .   b - +0 short sword
rCold    . . .     Gourm    .   (shield restricted)
rNeg     + + +     Faith    .   (armour currently unavailable)
rPois    +         Spirit   .   (helmet currently unavailable)
rElec    .         Reflect  .   (cloak currently unavailable)
rCorr    .         Harm     .   (gloves currently unavailable)
MR       .....     NoTele   +   (boots currently unavailable)
Stlth    ++++......             (no amulet)
Regen    0.3/turn               D - ring of stealth
MPRegen  0.2/turn               (no ring)

@: tree-form (expiring)
A: carnivore 3
a: Heroism, Renounce Religion


You were on level 7 of the Dungeon.
You worshipped Okawaru.
Okawaru was pleased with you.
You were very full.
You were a tree.
You visited 2 branches of the dungeon, and saw 8 of its levels.
You also visited: Ossuary.

You collected 537 gold pieces.
You spent 293 gold pieces at shops.

Inventory:

Hand Weapons
 a - a +2 hand crossbow
 b - a +0 short sword (weapon)
Armour
 n - a +0 cloak (melded)
 y - a +0 pair of boots (melded)
 C - the +0 leather armour "Quepp" (melded) {rC++ Stlth+}
   (You bought it in a shop on level 4 of the Dungeon)

   It greatly protects you from cold.
   It makes you more stealthy.
Jewellery
 x - an uncursed ring of flight
 D - a ring of stealth (left branch)
Wands
 r - a wand of polymorph (17/24)
Scrolls
 e - a scroll of magic mapping
 h - a scroll of blinking
 k - 2 scrolls of enchant armour
 o - 4 scrolls of fear
 u - 3 scrolls of remove curse
 v - 2 scrolls of amnesia
 w - 2 scrolls of teleportation
 A - 2 scrolls of enchant weapon
Potions
 g - 2 potions of magic
 i - 2 potions of cancellation
 j - 3 potions of curing
 l - a potion of degeneration {unknown}
 q - a potion of resistance {unknown}
 s - a potion of might {unknown}
 t - 4 potions of flight
 z - 2 potions of heal wounds {unknown}
 B - a potion of mutation {unknown}
Comestibles
 f - 5 meat rations
 m - 6 royal jellies


   Skills:
 * Level 9.5 Fighting
 - Level 2.1 Short Blades
 - Level 10.0 Crossbows
 * Level 6.6 Dodging
 * Level 5.9 Stealth
 * Level 3.5 Invocations


You had 9 spell levels left.
You didn't know any spells.

Dungeon Overview and Level Annotations

Branches:
Dungeon (7/15)             Temple (1/1) D:6

Altars:
Ashenzari
Elyvilon
Fedhas
Makhleb
Nemelex Xobeh
Okawaru
Qazlal
Ru
Sif Muna
Trog
Yredelemnul

Shops:
D:4 [:

Annotations:
D:7 Prince Ribbit


Innate Abilities, Weirdness & Mutations

You are small and have problems with some larger weapons.
You are carnivorous and can eat meat at any time.


Message History

* * * LOW HITPOINT WARNING * * *
Unknown command.
You feel better. Something hits you but does no damage.
Unknown command.
You miss something. Something hits you but does no damage.
You hit something but do no damage.
A sky beast appears from thin air!
Reactivating autopickup.
The sky beast hits you but does no damage.
You hit the sky beast but do no damage.
The sky beast is almost dead.
The sky beast flickers out of sight!
Deactivating autopickup; reactivate with Ctrl-A.
Something hits you but does no damage.
You hit something. Something hits you but does no damage.
You barely miss something.
A sky beast appears from thin air!
Reactivating autopickup.
The sky beast hits you.
* * * LOW HITPOINT WARNING * * *
The sky beast shocks you.
You die...

##############.#.#
..(............#.#
################.# #.#
#.# #.# #.#
*******#########.#
*,,,,,,..........#
*,******######'####
*,,,,,,,,,#....(♣.#***
**********#.##.##Y#,,*
#,#.#.*l#*,*
*..#,#,.#*,*
#.#,*,*.#*,*
#.**,**.#,,*
#,,,,,,.#,**
****+**##,* *,,,,,,*
********


You could see a sky beast and a leopard gecko.

Vanquished Creatures
  4 hogs (D:7)
  A human (D:7)
  An orc warrior (D:6)
  A sky beast (D:7)
  4 ogres
  A centaur (D:7)
  The ghost of hilaritas the Conjurer, an amateur DECj (D:3)
  4 bullfrogs
  A wyvern skeleton (D:7)
  3 scorpions (D:7)
  4 howler monkeys
  A hound (D:7)
  2 bullfrog zombies
  5 crimson imps
  3 orc priests
  A bullfrog skeleton (D:5)
  A jelly (D:5)
  Terence (D:3)
  8 worker ants
  4 iguanas
  3 orc wizards
  A big kobold zombie (Ossuary)
  A hound skeleton (D:4)
  8 mummies (Ossuary)
  4 gnolls (D:5)
  11 adders
  A shadow imp (D:5)
  3 oozes
  An adder zombie (D:6)
  3 worms (D:2)
  3 dart slugs
  5 leopard geckos
  17 orcs
  3 bats
  9 giant cockroaches
  6 goblins
  4 hobgoblins
  18 jackals
  4 quokkas
  4 frilled lizards
  A gnoll zombie (Ossuary)
  2 hobgoblin zombies (Ossuary)
  A jackal zombie (D:6)
  8 kobolds
  4 orc zombies (Ossuary)
  6 rats
182 creatures vanquished.

Notes
Turn   | Place    | Note
-------+----------+-------------------------------------------
     0 | D:1      | hilaritas the Kobold Hunter began the quest for the Orb.
     0 | D:1      | Reached XP level 1. HP: 12/12 MP: 1/1
    49 | D:1      | Reached skill level 5 in Crossbows
   147 | D:1      | Reached XP level 2. HP: 18/18 MP: 2/2
   356 | D:1      | Reached XP level 3. HP: 22/22 MP: 3/3
  1024 | D:2      | Reached skill level 6 in Crossbows
  1024 | D:2      | Reached XP level 4. HP: 27/27 MP: 4/4
  1772 | D:3      | Reached XP level 5. HP: 22/32 MP: 5/5
  2431 | D:3      | Noticed Terence
  2451 | D:3      | Killed Terence
  2451 | D:3      | Reached skill level 7 in Crossbows
  2451 | D:3      | Reached XP level 6. HP: 22/37 MP: 6/6
  2608 | D:3      | Noticed hilaritas's ghost (amateur DECj)
  2621 | D:3      | Killed hilaritas's ghost
  3092 | D:4      | Found Widwitri's Book Shop.
  3092 | D:4      | Noticed an ogre
  3098 | D:4      | Killed an ogre
  3098 | D:4      | Reached XP level 7. HP: 44/44 MP: 7/7
  3203 | D:4      | Reached skill level 8 in Crossbows
  3379 | D:4      | Found Asoheam's Armour Boutique.
  3898 | D:5      | Entered Level 5 of the Dungeon
  4128 | D:5      | Reached skill level 5 in Fighting
  4128 | D:5      | Reached skill level 9 in Crossbows
  4128 | D:5      | Reached XP level 8. HP: 49/49 MP: 8/8
  4334 | D:5      | Found a blossoming altar of Fedhas.
  5143 | D:6      | Reached skill level 10 in Crossbows
  5259 | D:6      | Found a staircase to the Ecumenical Temple.
  5274 | Temple   | Entered the Ecumenical Temple
  5334 | Temple   | Became a worshipper of Warmaster Okawaru
  6050 | D:6      | Reached skill level 1 in Invocations
  6060 | D:6      | Reached XP level 9. HP: 38/57 MP: 9/9
  6475 | D:7      | Found a sand-covered staircase.
  6483 | Ossuary  | Entered an ossuary
  6557 | Ossuary  | Reached skill level 1 in Short Blades
  6626 | Ossuary  | Reached * piety under Okawaru
  6855 | D:4      | Bought the +0 leather armour "Quepp" {rC++ Stlth+} for 293 gold pieces
  6966 | D:7      | Found a sacrificial altar of Ru.
  7860 | D:7      | Reached skill level 5 in Stealth
  7889 | D:7      | Reached skill level 5 in Dodging
  8732 | D:7      | Reached XP level 10. HP: 16/66 MP: 12/12
  9009 | D:7      | Reached ** piety under Okawaru
  9061 | D:7      | HP: 5/66 [something (5)]
  9104 | D:7      | Got a transparent buckler
  9110 | D:7      | Identified the cursed -7 buckler of a volcano {rC+ rN+ MR-} (You found it on level 7 of the Dungeon)
  9851 | D:7      | Noticed Prince Ribbit
  9884 | D:7      | HP: 9/99 [Prince Ribbit (6)]
  9892 | D:7      | HP: 7/99 [something (1)]
  9892 | D:7      | HP: 1/99 [something (6)]
  9898 | D:7      | HP: 5/99 [sky beast (3)]
  9898 | D:7      | Slain by a sky beast

Skill      XL: |  1  2  3  4  5  6  7  8  9 10 |
---------------+-------------------------------+-----
Crossbows      | 5 6 7 9 10 | 10.0
Stealth        | 2 3 4 5 |  5.9
Fighting       | 3 4 5 7 9 |  9.5
Dodging        | 3 5 6 |  6.6
Invocations    | 1 3 |  3.5
Short Blades   | 2 |  2.1

Action                   |  1- 3 |  4- 6 |  7- 9 | 10-12 || total
-------------------------+-------+-------+-------+-------++-------
Melee: Short sword       |    56 |    81 |   451 |   173 ||   761
       Punch             |       |       |       |     1 ||     1
 Fire: Hand crossbow     |    39 |    94 |   191 |     6 ||   330
Invok: Heroism           |       |       |     3 |     3 ||     6
  Use: Scroll            |     3 |     6 |     7 |     2 ||    18
       Potion            |       |       |     3 |     3 ||     6
 Stab: Sleeping          |       |       |     3 |       ||     3
  Eat: Chunk             |     8 |     7 |    18 |     3 ||    36
Armor: Ring mail         |    22 |    41 |   103 |       ||   166
       Skin              |       |       |    26 |    35 ||    61
       Leather armour    |       |       |    13 |    13 ||    26
Dodge: Dodged            |    42 |    78 |   352 |    84 ||   556
